 Dungeon Crawl Stone Soup version 0.27.0 (webtiles) character file.

Game seed: 10974634403763749778

113618 shadowrider38 the Executioner (level 16, -3/226 HPs)
             Began as a Minotaur Berserker on July 30, 2021.
             Was the Champion of Trog.
             Succumbed to poison (dark miasma)
             ... on level 14 of the Dungeon.
             The game lasted 02:06:39 (26791 turns).

shadowrider38 the Executioner (Minotaur Berserker) Turns: 26791, Time: 02:06:40

Health: -3/226     AC: 29    Str: 26    XL:     16   Next: 14%
Magic:  4/15       EV:  8    Int:  5    God:    Trog [******]
Gold:   586        SH:  7    Dex: 12    Spells: 15/15 levels left

rFire    . . .     SeeInvis .   a - +9 broad axe
rCold    . . .     Faith    .   N - +2 buckler
rNeg     . . .     Spirit   +   C - +6 plate armour
rPois    .         Reflect  .   (helmet restricted)
rElec    .         Harm     .   (no cloak)
rCorr    .         Rampage  .   (no gloves)
Will     ++...                  u - +2 pair of boots
Stlth    ..........             H - amulet of guardian spirit
HPRegen  0.47/turn              I - +4 ring of protection
MPRegen  0.14/turn              i - ring of willpower

@: berserking (expiring), lethally poisoned (-3 -> -54), slowed
A: horns 2, retaliatory headbutt, screaming 1
a: Renounce Religion, Berserk, Trog's Hand, Brothers in Arms


You were on level 14 of the Dungeon.
You worshipped Trog.
Trog was exalted by your worship.
You visited 4 branches of the dungeon, and saw 24 of its levels.
You also visited: Sewer.

You collected 2200 gold pieces.
You spent 1614 gold pieces at shops.

Inventory:

Hand Weapons
 a - a +9 broad axe (weapon)
 K - the +12 great sword "Ricliuro" {vorpal, rPois}
   (Trog gifted it to you on level 13 of the Dungeon)

   It inflicts extra damage upon your enemies.
   rPois:     It protects you from poison.
 M - a +1 demon blade of flaming
 Y - the +8 hand axe of the Harvest {flame, Will+ Str+4}
   (You found it on level 4 of the Dungeon)

   It burns those it strikes, dealing additional fire damage.
   Big, fiery blades are also staple armaments of hydra-hunters.
   Str:       It affects your strength (+4).
   Will:      It increases your willpower.
Armour
 l - the +0 pair of gloves of Rusaeb {rPois Str+6 Int-5 Stlth+}
   (You bought it in a shop on level 1 of the Orcish Mines)

   Str:       It affects your strength (+6).
   Int:       It affects your intelligence (-5).
   rPois:     It protects you from poison.
   Stlth:     It makes you more stealthy.
 u - a +2 pair of boots (worn)
 C - a +6 plate armour (worn)
 N - a +2 buckler (worn)
 U - the +0 scale mail of Whack-A-Mole {rC+ rCorr Str+6}
   (You found it on level 10 of the Dungeon)

   Str:       It affects your strength (+6).
   rC:        It protects you from cold.
   rCorr:     It protects you from acid and corrosion.
 W - +0 ice dragon scales
Jewellery
 f - a ring of flight
 i - a ring of willpower (right hand)
 G - an amulet of regeneration
 H - an amulet of guardian spirit (around neck)
 I - a +4 ring of protection (left hand)
 Z - a ring of poison resistance
Wands
 m - a wand of flame (50)
 w - a wand of mindburst (21)
 x - a wand of digging (2)
 J - a wand of polymorph (12)
 O - a wand of acid (7)
 T - a wand of iceblast (20)
Scrolls
 d - 7 scrolls of fear
 e - 2 scrolls of enchant weapon
 g - 23 scrolls of teleportation
 h - a scroll of fog
 o - a scroll of summoning
 p - a scroll of silence
 r - 3 scrolls of magic mapping
 y - 3 scrolls of noise
 B - a scroll of vulnerability
 E - a scroll of amnesia
 L - 2 scrolls of enchant armour
 P - a scroll of blinking
 S - a scroll of immolation
 X - 4 scrolls of identify
Potions
 b - 3 potions of haste
 c - 9 potions of lignification
 j - 6 potions of magic
 k - 8 potions of heal wounds
 n - 5 potions of attraction
 q - 2 potions of resistance
 s - 4 potions of curing
 t - 4 potions of brilliance
 v - 4 potions of cancellation
 z - 8 potions of might
 A - 4 potions of flight
 D - 3 potions of invisibility
 Q - a potion of berserk rage
 V - a potion of ambrosia
Miscellaneous
 F - a box of beasts
 R - a phantom mirror


   Skills:
 - Level 16.0 Fighting
 - Level 1.6 Long Blades
 * Level 24.4 Axes
 - Level 13.1 Armour
 - Level 2.2 Dodging
 - Level 4.9 Shields


You had 15 spell levels left.
You didn't know any spells.
Your spell library was empty.

Dungeon Overview and Level Annotations

Branches:
Dungeon (15/15)            Temple (0/1) D:5            Lair (6/6) D:10
 Shoals (0/4) Lair:2        Snake (0/4) Lair:3        Slime (0/5) Lair:6
    Orc (2/2) D:9             Elf (1/3) Orc:2        Vaults (0/5) D:14
  Sewer (visited)
 Depths: D:15

Altars:
Cheibriados
Fedhas
Gozag
Nemelex Xobeh
Okawaru
Ru
Vehumet
Wu Jian
Lugonu

Shops:
D:9 (=   Orc:1 [   Orc:2 =([*

Portals:
Abyss: Lair:6

Annotations:
D:3 1 transporter
D:11 1 runed translucent door, 0gre's ghost, journeyman GnIE
D:13 exclusion: ice statue
Lair:1 3 runed translucent doors, exclusion: oklob plant, benadryl's ghost, journeyman GrFi
Lair:5 exclusion: oklob plant


Innate Abilities, Weirdness & Mutations

You have a pair of horns on your head.
You reflexively headbutt those who attack you in melee.
You occasionally shout uncontrollably at your foes.


Message History

The death drake is severely wounded.
You feel very sick. The death drake breathes miasma at you.
The foul vapour engulfs you.
You are more poisoned.
* * * LOW HITPOINT WARNING * * *
The death drake barely misses you.
You feel better.
You are engulfed in dark miasma.
You are poisoned.
* * * LOW HITPOINT WARNING * * *
You feel extremely sick. The death drake bites you.
* * * LOW HITPOINT WARNING * * *
The death drake barely misses you.
A red film seems to cover your vision as you go berserk!
You feel yourself moving faster!
You feel mighty!
You are engulfed in dark miasma.
You are more poisoned.
* * * LOW HITPOINT WARNING * * *
x2 You feel extremely sick.
The death drake barely misses you. The death drake completely misses you.
You completely miss the death drake.
The death drake is severely wounded.
You are engulfed in dark miasma.
You are lethally poisoned!
* * * LOW HITPOINT WARNING * * *
x2 You feel extremely sick.
The death drake breathes miasma at you. The foul vapour misses you.
You are too berserk!
You carve the death drake like a ham!!!
You kill the death drake!
Trog accepts your kill.
You are engulfed in dark miasma.
You are more poisoned.
* * * LOW HITPOINT WARNING * * *
x2 You feel extremely sick.
You are too berserk!
You are too berserk!
You die...

####..### ..
#### . ... ....
.... ... #.. #°#
##°# ##@°#
####°°## #..°°°#
....##°.##
#######..# ..
#####.....###
#.#
#............#
..#
##...#.#.#.#..#
..#
##...######'##.#


There were no monsters in sight!

Vanquished Creatures
  Saint Roka (Orc:2)
  Rupert (Lair:5)
  Jorgrun (D:12)
  Kirke (Lair:6)
  2 orc warlords
  Azrael (D:13)
  Snorg (D:12)
  A fire dragon (D:10)
  A vault guard (D:14)
  A boulder beetle (D:12)
  8 hydras
  Erolcha (Orc:2)
  3 catoblepae
  7 centaur warriors
  A death yak (Lair:3)
  7 two-headed ogres
  A tengu warrior (D:13)
  2 thrashing horrors (Lair:6)
  5 orc high priests
  Urug (Orc:1)
  Sonja (Orc:2)
  A death drake (shapeshifter) (D:14)
  A skeletal warrior (D:13)
  A fire crab (shapeshifter) (Lair:6)
  A glowing orange brain (D:13)
  4 orc knights
  7 ugly things
  6 orc sorcerers
  14 elephants
  5 cyclopes
  3 manticores
  A wolf spider (shapeshifter) (D:14)
  5 black mambas
  15 cane toads
  A smoke demon (Lair:6)
  3 gargoyles
  An unseen horror (D:12)
  2 rime drakes (Lair:5)
  2 kobold demonologists (D:8)
  8 komodo dragons
  2 ancient zymes (Lair:6)
  2 tengu conjurers (D:14)
  8 trolls
  2 large abominations (Lair:6)
  A hornet (D:9)
  35 blink frogs
  A wind drake (Lair:2)
  4 dream sheep (Lair:5)
  A raiju (shapeshifter) (D:14)
  7 slime creatures
  Sigmund (D:4)
  A vampire (D:14)
  A spriggan (Lair:6)
  8 wyverns
  8 basilisks
  76 yaks
  5 fire elementals (D:13)
  3 wraiths
  Grum (D:8)
  4 hogs
  A steam dragon (D:9)
  5 chaos spawn (Lair:6)
  13 vampire mosquitoes
  9 wargs
  An acid dragon (D:9)
  Edmund (D:4)
  2 nagas (Lair:3)
  3 hell hounds (D:13)
  17 water moccasins
  2 ice beasts
  41 orc warriors
  2 sky beasts
  A black bear (D:5)
  7 boggarts
  A necrophage (D:5)
  15 wolves
  10 ogres
  7 centaurs
  A phantom (D:4)
  5 kobold brigands
  16 bullfrogs
  4 scorpions
  A wight (D:9)
  5 killer bees (D:7)
  A vampire bat (D:6)
  A bullfrog zombie (D:7)
  5 centaur zombies
  A bullfrog skeleton (D:6)
  8 orc priests
  2 jellies
  3 centaur skeletons
  5 iguanas
  Terence (D:2)
  10 orc wizards
  Natasha (thrice) (D:2)
  A killer bee zombie (D:6)
  9 small abominations (Lair:6)
  3 gnolls (D:5)
  15 adders
  A shadow imp (D:6)
  12 white imps
  An adder zombie (D:5)
  2 worms
  A dart slug (D:4)
  63 orcs
  10 ball pythons
  10 endoplasms
  2 giant cockroaches
  6 goblins
  11 hobgoblins
  9 jackals
  25 kobolds
  10 bats
  5 frilled lizards
  6 rats
712 creatures vanquished.

Vanquished Creatures (collateral kills)
  A hydra (Lair:4)
  2 death yaks (Lair:3)
  A black mamba (Lair:4)
  4 dream sheep (Lair:4)
  A fungus (Lair:3)
9 creatures vanquished.

Vanquished Creatures (others)
  2 orcs (Orc:2)
  46 fungi
  53 plants
101 creatures vanquished.

Grand Total: 822 creatures vanquished

Notes
Turn   | Place    | Note
-------+----------+-------------------------------------------
     0 | D:1      | shadowrider38 the Minotaur Berserker began the quest for
                  | the Orb.
     0 | D:1      | Reached XP level 1. HP: 19/19 MP: 0/0
   352 | D:1      | Found a faded altar of an unknown god.
   392 | D:1      | Reached XP level 2. HP: 26/27 MP: 1/1
   394 | D:1      | Reached skill level 4 in Axes
   632 | D:1      | Reached ** piety under Trog
  1227 | D:2      | Noticed Terence
  1265 | D:2      | Killed Terence
  1266 | D:2      | Reached skill level 5 in Axes
  1266 | D:2      | Reached XP level 3. HP: 26/33 MP: 2/2
  1528 | D:2      | Reached XP level 4. HP: 40/40 MP: 3/3
  1569 | D:2      | Noticed Natasha
  1574 | D:2      | Killed Natasha
  1575 | D:2      | Reached skill level 6 in Axes
  1848 | D:2      | Noticed Natasha
  1854 | D:2      | Killed Natasha
  1903 | D:2      | Noticed Natasha
  1910 | D:2      | Killed Natasha
  1911 | D:2      | Reached XP level 5. HP: 46/46 MP: 4/4
  2123 | D:3      | Found a blossoming altar of Fedhas.
  2217 | D:3      | Found a radiant altar of Vehumet.
  2245 | D:3      | Reached skill level 7 in Axes
  2628 | D:3      | Found a sparkling altar of Nemelex Xobeh.
  2628 | D:3      | Found a transporter.
  2629 | D:3      | Noticed an ice beast
  2859 | D:4      | Found a sacrificial altar of Ru.
  2859 | D:4      | Noticed a sky beast
  2859 | D:4      | Noticed a yak
  2861 | D:4      | Noticed a two-headed ogre
  2861 | D:4      | Noticed a centaur
  3063 | D:4      | Reached *** piety under Trog
  3064 | D:4      | Reached XP level 6. HP: 40/52 MP: 5/5
  3170 | D:4      | Reached skill level 8 in Axes
  3381 | D:4      | Reached skill level 9 in Axes
  3616 | D:4      | Noticed Edmund
  3622 | D:4      | Killed Edmund
  3623 | D:4      | Reached XP level 7. HP: 59/59 MP: 6/6
  3766 | D:4      | Identified the +8 hand axe of the Harvest {flame, Will+
                  | Str+4}
  3889 | D:4      | Reached skill level 10 in Axes
  3906 | D:4      | Found a transporter.
  3921 | D:4      | Found a transporter.
  4131 | D:4      | Noticed Sigmund
  4139 | D:4      | Killed Sigmund
  4310 | D:4      | Reached skill level 11 in Axes
  4520 | D:4      | Reached XP level 8. HP: 18/66 MP: 7/7
  4918 | D:4      | Killed a two-headed ogre
  4919 | D:4      | Reached skill level 13 in Axes
  4973 | D:5      | Entered Level 5 of the Dungeon
  4997 | D:5      | Reached XP level 9. HP: 48/71 MP: 8/8
  5202 | D:5      | Reached skill level 1 in Long Blades
  5202 | D:5      | Reached skill level 14 in Axes
  5568 | D:5      | Found a staircase to the Ecumenical Temple.
  5751 | D:6      | Reached skill level 5 in Armour
  6122 | D:6      | Found a glowing drain.
  6131 | Sewer    | Entered a sewer
  6182 | Sewer    | Reached **** piety under Trog
  7956 | D:8      | Reached XP level 10. HP: 76/78 MP: 9/9
  7962 | D:8      | Reached skill level 10 in Armour
  8108 | D:8      | Noticed Grum
  8111 | D:8      | Identified the +5 scale mail of Vampiric Thralls {Harm
                  | rPois rC+}
  8122 | D:8      | Killed Grum
  8286 | D:8      | Reached ***** piety under Trog
  9014 | D:9      | Found Igihatyla's Jewellery Shoppe.
  9179 | D:8      | Noticed a sixfirhy
  9647 | D:9      | Found a staircase to the Orcish Mines.
  9702 | D:9      | Found an iron altar of Okawaru.
  9709 | D:9      | Found Xotras's Antique Weapon Shoppe.
  9728 | D:9      | Bought a glowing demon blade for 540 gold pieces
  9753 | D:9      | Found an ornate altar of the Wu Jian Council.
  9840 | D:9      | Reached skill level 5 in Fighting
 10593 | D:9      | Reached XP level 11. HP: 81/90 MP: 10/10
 10611 | D:9      | Received a gift from Trog
 10815 | D:10     | Entered Level 10 of the Dungeon
 10949 | D:10     | Noticed a two-headed ogre
 10956 | D:10     | Killed a two-headed ogre
 11107 | D:10     | Found a staircase to the Lair.
 11124 | D:10     | Reached skill level 10 in Fighting
 11360 | D:10     | Noticed a two-headed ogre
 11365 | D:10     | Killed a two-headed ogre
 11606 | D:10     | Noticed a two-headed ogre
 11613 | D:10     | Killed a two-headed ogre
 11651 | D:10     | Noticed a fire dragon
 11665 | D:10     | Killed a fire dragon
 12463 | Lair:1   | Entered Level 1 of the Lair of Beasts
 12499 | Lair:1   | Reached XP level 12. HP: 115/115 MP: 11/11
 12867 | Lair:1   | Noticed a five-headed hydra
 12878 | Lair:1   | Killed a two-headed hydra
 13089 | Lair:1   | Found a runed translucent gate.
 13089 | Lair:1   | Found a runed translucent gate.
 13089 | Lair:1   | Found a runed translucent gate.
 13090 | Lair:1   | Noticed benadryl's ghost (journeyman GrFi)
 13139 | Lair:1   | Found an opulent altar of Gozag.
 13609 | D:10     | Identified the +0 scale mail of Whack-A-Mole {rC+ rCorr
                  | Str+6}
 13760 | Lair:2   | Reached skill level 15 in Fighting
 14004 | Lair:2   | Noticed a five-headed hydra
 14010 | Lair:2   | Killed a two-headed hydra
 14306 | Lair:2   | Reached skill level 1 in Shields
 14332 | Lair:2   | Found a staircase to the Shoals.
 14361 | Lair:2   | Received a gift from Trog
 14753 | Lair:3   | Reached XP level 13. HP: 128/128 MP: 12/12
 14763 | Lair:3   | Reached skill level 15 in Axes
 15145 | Lair:3   | Found a staircase to the Snake Pit.
 15238 | Lair:3   | Reached skill level 16 in Axes
 15906 | Lair:4   | Reached skill level 17 in Axes
 16310 | Lair:5   | Received a gift from Trog
 16488 | Lair:5   | Reached skill level 18 in Axes
 16543 | Lair:5   | Noticed Rupert
 16559 | Lair:5   | Killed Rupert
 16767 | Lair:5   | Reached XP level 14. HP: 137/137 MP: 4/13
 17305 | Lair:6   | Entered Level 6 of the Lair of Beasts
 17323 | Lair:6   | Noticed Kirke
 17370 | Lair:6   | Reached skill level 19 in Axes
 17388 | Lair:6   | Killed Kirke
 17424 | Lair:6   | Received a gift from Trog
 17424 | Lair:6   | Reached ****** piety under Trog
 18177 | Lair:6   | Reached skill level 20 in Axes
 18435 | Lair:6   | Found a corrupted altar of Lugonu.
 18435 | Lair:6   | Found a one-way gate to the infinite horrors of the Abyss.
 18799 | Lair:6   | Found a staircase to the Slime Pits.
 19356 | D:11     | Found a runed translucent door.
 19445 | D:11     | Found a snail-covered altar of Cheibriados.
 19480 | D:11     | Received a gift from Trog
 19822 | D:11     | Noticed 0gre's ghost (journeyman GnIE)
 19826 | D:11     | Identified the +5 spear of Infection {flame, rF- Str+5}
 20372 | D:12     | Found a sparkling altar of Nemelex Xobeh.
 20475 | D:9      | Bought a +4 ring of protection for 540 gold pieces
 20634 | D:12     | Reached skill level 21 in Axes
 21395 | Orc:1    | Entered Level 1 of the Orcish Mines
 21801 | Orc:2    | Entered Level 2 of the Orcish Mines
 21801 | Orc:2    | Found Sooso Voigai's Antique Weapon Shop.
 21801 | Orc:2    | Noticed Sonja
 22215 | Orc:2    | Killed Sonja
 22235 | Orc:1    | Reached XP level 15. HP: 110/141 MP: 14/14
 22315 | Orc:2    | Found Tihotwou's Jewellery Boutique.
 22449 | Orc:2    | Noticed an orc warlord
 22917 | Orc:2    | Killed an orc warlord
 22972 | Orc:2    | Found a staircase to the Elven Halls.
 22985 | Orc:2    | Noticed Saint Roka
 22994 | Orc:2    | Received a gift from Trog
 23027 | Orc:2    | Killed Saint Roka
 23028 | Orc:2    | Reached skill level 22 in Axes
 23152 | Orc:2    | Noticed Erolcha
 23178 | Orc:2    | Gained mutation: You occasionally shout uncontrollably at
                  | your foes. [a neqoxec]
 23192 | Orc:2    | Noticed Urug
 23253 | Orc:1    | Killed Urug
 23275 | Orc:2    | Killed Erolcha
 23336 | Orc:1    | Found Ruine's Antique Armour Boutique.
 23401 | Orc:1    | Bought a pair of twisted gloves for 294 gold pieces
 23401 | Orc:1    | Identified the +0 pair of gloves of Rusaeb {rPois Str+6
                  | Int-5 Stlth+} (You bought it in a shop on level 1 of the
                  | Orcish Mines)
 23616 | Orc:2    | Noticed an orc warlord
 23646 | Orc:1    | Killed an orc warlord
 23791 | Orc:2    | Found Lapsenot's Antique Armour Shoppe.
 23799 | Orc:2    | Bought a pair of embroidered boots for 240 gold pieces
 23893 | Orc:2    | Found Nitaarr's General Store.
 24105 | Elf:1    | Entered Level 1 of the Elven Halls
 24481 | D:13     | Noticed Snorg
 24495 | D:13     | Noticed Jorgrun
 24913 | D:12     | Killed Snorg
 24914 | D:12     | Reached skill level 23 in Axes
 24920 | D:12     | Killed Jorgrun
 25321 | D:13     | Identified the +12 great sword "Ricliuro" {vorpal, rPois}
                  | (Trog gifted it to you on level 13 of the Dungeon)
 25321 | D:13     | Received a gift from Trog
 25348 | D:13     | You fall into a shaft and drop 2 floors!
 25348 | D:15     | Entered Level 15 of the Dungeon
 25523 | D:14     | Found a gate to the Vaults.
 25789 | D:13     | Noticed Azrael
 25805 | D:13     | Killed Azrael
 26003 | D:13     | Reached skill level 24 in Axes
 26332 | D:14     | Reached XP level 16. HP: 114/151 MP: 15/15
 26439 | D:14     | Identified the +2 ring mail of Insatiable Hunger {rF+}
 26790 | D:14     | HP: 8/226 [poison (dark miasma)]
 26791 | D:14     | Succumbed to poison (dark miasma)

Illustrated notes

Levels and vault maps discovered:
D:1:      lightli_molten_gateway, layout_loops_ring,
          shapermc_ecumenical_altar_ellora, minmay_tetromino_s2
D:2:      layout_loops_cross, uniq_terence, uniq_natasha
D:3:      layout_rooms, mainiacjoe_overflow_boulevard, fedhas_altar_3,
          grunt_nemelex_the_gamble
D:4:      minmay_spotlight, layout_loops_corners,
          gammafunk_temple_overflow_arena, sigmund_edmund_badplayer
D:5:      layout_rooms, minmay_temple_entry_statues_pillars
D:6:      layout_rooms, portal_sewer_entry_d, grunt_ministairs_4,
          roderic_batcave
D:7:      layout_gridville
D:8:      layout_cave_pools, special_room [special_room_orc], enter_bailey_8,
          uniq_grum
D:9:      minmay_recursive_quarters, layout_irregular_city, kennysheep_mini,
          mainiacjoe_overflow_catwalk, david_orc_1_choice, serial_shops,
          nicolae_shop_window_shopping, nicolae_stop_n_shop_1,
          grunt_ministairs_12
D:10:     dragon1_lemuel, layout_gridville, minmay_lair_entry_grove,
          serial_rivers, chequers_serial_rivers_large_a,
          chequers_serial_rivers_micro_c, chequers_serial_rivers_small_3,
          chequers_serial_rivers_micro_b, chequers_serial_rivers_small_b
D:11:     layout_loops_ring, ebering_ghost_funeral_grove, cheibriados_altar_1
D:12:     layout_cave_pods, nemelex_lonely_heart_becter
D:13:     minmay_distorted_concentric_squares, layout_rooms, minivault_16,
          uniq_jorgrun, uniq_azrael, uniq_snorg
D:14:     layout_cave_pods, david_vaults_5, onia_ninara_cookie
D:15:     gammafunk_enter_depths_forms, layout_long_grid,
          minmay_misc_feat_encased
Lair:1:   layout_loops_ring, gammafunk_ghost_necromancy,
          chequers_serial_rivers_micro_d, lemuel_oklob_altar
Lair:2:   layout_roguey, minmay_shoals_entry_beasts
Lair:3:   layout_cave_pods, guppyfry_snake_entry_garden, grunt_megastairs_2
Lair:4:   layout_hall_layers, minivault_23, lemuel_fruit_fields
Lair:5:   layout_regular_city, uniq_rupert
Lair:6:   hellmonk_lair_end_abyssal_woods, layout_cave_pods,
          dpeg_slime_entry_corner, hangedman_lair_unloving_vines,
          grunt_megastairs_4, uniq_kirke
Orc:1:    layout_diamond_mine, serial_shops, shop
Orc:2:    grunt_orc_gardens, layout_caves, grunt_orc_garden, grunt_orc_garden,
          grunt_orc_garden, grunt_orc_garden, portal_ice_cave_entry_imps,
          uniq_erolcha, uniq_sonja, uniq_saint_roka, uniq_urug
Elf:1:    nicolae_elf_arrival_fired_up, layout_geoelf_diagonals,
          gammafunk_ghost_grave, serial_shops, shop, basic_altar,
          portal_desolation_entry_ruin, minmay_elf_necromancy, minivault_8

Skill      XL: |  1  2  3  4  5  6  7  8  9 10 11 12 13 14 15 |
---------------+----------------------------------------------+-----
Fighting       | 4 6 13 16 | 16.0
Axes           | 5 6 7 9 11 13 14 18 21 24 | 24.4
Long Blades    | 1 |  1.6
Armour         | 9 13 | 13.1
Shields        | 4 |  4.9
Dodging        | |  2.2

Action                   |  1- 3 |  4- 6 |  7- 9 | 10-12 | 13-15 | 16-18 || total
-------------------------+-------+-------+-------+-------+-------+-------++-------
Melee: Hand axe          |    59 |   120 |   187 |   364 |       |       ||   730
       Headbutt          |     8 |    25 |    27 |   104 |   223 |    17 ||   404
       Executioner's axe |       |       |       |    31 |   397 |       ||   428
       Demon blade       |       |       |       |     6 |    39 |       ||    45
       Broad axe         |       |       |       |       |   532 |    67 ||   599
Invok: Berserk           |     1 |     4 |     1 |     5 |    11 |     1 ||    23
       Brothers in Arms  |       |       |       |       |     2 |       ||     2
       Trog's Hand       |       |       |       |       |     1 |       ||     1
  Use: Scroll            |       |     1 |     9 |     8 |    15 |       ||    33
       Potion            |       |       |       |     3 |       |     4 ||     7
 Stab: Petrified         |       |       |       |       |       |     6 ||     6
Armor: Ring mail         |    16 |    24 |       |       |       |       ||    40
       Animal skin       |     1 |       |       |       |       |       ||     1
       Chain mail        |       |    22 |    28 |       |       |       ||    50
       Plate armour      |       |       |    31 |    13 |   650 |    63 ||   757
       Scale mail        |       |       |       |   137 |    89 |       ||   226
Dodge: Dodged            |    29 |    65 |    90 |   204 |   477 |    22 ||   887
Block: Buckler           |       |       |       |    24 |   177 |    15 ||   216
       Rpst.: Demon blade |       |       |       |       |    17 |       ||    17
